 Dungeon Crawl Stone Soup version 0.30-a0-439-g9e77e4d916 (webtiles) character file.

Game seed: 4203647101425650590

185 p00ps00p the Trooper (level 5, -11/46 (47) HPs)
             Began as a Hill Orc Fighter on Dec 11, 2022.
             Mangled by an ogre
             ... wielding a +0 giant club
              (21 damage)
             ... on level 4 of the Dungeon.
             The game lasted 00:04:17 (2537 turns).

p00ps00p the Trooper (Hill Orc Fighter)             Turns: 2537, Time: 00:04:18

HP:   -11/46 (47)   AC: 10    Str: 21    XL:     5   Next: 64%
MP:   5/5           EV:  9    Int:  8    God:
Gold: 226           SH:  9    Dex: 10    Spells: 4/4 levels left

rFire   . . .      SeeInvis .    a - +1 war axe (venom)
rCold   . . .      Faith    .    c - +0 buckler
rNeg    . . .      Spirit   .    b - +1 scale mail
rPois   .          Reflect  +    (no helmet)
rElec   .          Harm     .    s - +0 cloak
rCorr   .          Rampage  .    (no gloves)
Will    .....                    m - +0 pair of boots
Stlth   ..........               o - amulet of reflection
HPRegen 0.27/turn                (no ring)
MPRegen 0.09/turn                (no ring)

@: lightly drained
A: no striking features
a: no special abilities


You were on level 4 of the Dungeon.
You visited 1 branch of the dungeon, and saw 4 of its levels.

You collected 226 gold pieces.

Inventory:

Hand Weapons
 a - a +1 war axe of venom (weapon)
Missiles
 p - a poisoned dart (quivered)
Armour
 b - a +1 scale mail (worn)
 c - a +0 buckler (worn)
 m - a +0 pair of boots (worn)
 s - a +0 cloak (worn)
Jewellery
 e - an amulet of faith
 f - an amulet of the acrobat
 o - an amulet of reflection (around neck)
Scrolls
 k - 2 scrolls of teleportation
 l - a scroll of identify
Potions
 d - 3 potions of might
 g - 2 potions of curing
 h - a potion of flight
 i - a potion of lignification {unknown}
 j - a potion of berserk rage {unknown}
 n - a potion of attraction {unknown}
 q - a potion of magic {unknown}
 r - a potion of haste {unknown}


   Skills:
 + Level 4.9 Fighting
 + Level 4.4 Axes
 + Level 4.3 Armour
 + Level 4.3 Shields


You had 4 spell levels left.
You didn't know any spells.
Your spell library contained the following spells:

 Spells                   Type           Power      Damage    Failure   Level
 Shock                    Conj/Air       0%         1d3       83%         1
 Sting                    Tmut/Pois      0%         1d3       83%         1
 Poisonous Vapours        Pois/Air       0%         N/A       92%         2
 Swiftness                Air            0%         N/A       99%         3
 Airstrike                Air            0%         2d(0-16)  100%        4
 Olgreb's Toxic Radiance  Pois           0%         N/A       100%        4


Dungeon Overview and Level Annotations

Branches:
Dungeon (4/15)
 Temple: D:4-7

Altars:


Message History

You kill the orc!
You hit the ogre.
The ogre hits you with a +0 giant club!!
Ouch! That really hurt!
* * * LOW HITPOINT WARNING * * *
The gnoll barely misses you. The gnoll closely misses you.
You are too injured to fight recklessly!
You are too injured to fight recklessly!
Unknown command.
Blink to where?
Press: ? - help, Q - select action, (/) - cycle Dir - move target
As you read the scroll of blinking, it crumbles to dust.
You see here a ball python corpse.
Throw: 5 darts (poison)
Press: ? - help, Q - select action Shift-Dir - straight line, f - ogre
Aim: an ogre, wielding a +0 giant club (severely wounded, 73% to hit)
You throw a poisoned dart. The poisoned dart hits the ogre.
The ogre is poisoned.
The ogre is severely wounded.
Throw: 4 darts (poison)
Press: ? - help, Q - select action Shift-Dir - straight line, f/p - ogre
Aim: an ogre, wielding a +0 giant club (severely wounded, poisoned, 73% to hit)
You throw a poisoned dart.
The poisoned dart barely misses the ogre.
Unknown command.
Throw: 3 darts (poison)
Press: ? - help, Q - select action Shift-Dir - straight line, f/p - ogre
Aim: an ogre, wielding a +0 giant club (severely wounded, poisoned, 73% to hit)
You throw a poisoned dart. The poisoned dart hits the ogre.
The ogre looks even sicker.
The ogre is severely wounded.
Throw: 2 darts (poison)
Press: ? - help, Q - select action Shift-Dir - straight line, f/p - ogre
Aim: an ogre, wielding a +0 giant club (severely wounded, very poisoned, 73% to hit)
You throw a poisoned dart. The poisoned dart hits the ogre.
The ogre looks even sicker.
The ogre is severely wounded.
There is a stone staircase leading up here.
The ogre hits you with a +0 giant club!!
You die...

#.##......................,,
#............#.#...#.#....*,
#....##...................*,
#.[...#......#÷#####.#....,,
#.....#......#.#####.#....*,
#.....#............#.#,...*,
#....<.....#.......#.#*,..,,
#.....##...<..÷.......,,,,,,
#..........@O......#.#*,,,,,
#.###..............#,#*,,...
#...........)g.....#,**,...P
**##...........(...++##.....
##............g.....#..#..
#.<....#............#.....
#......########.(.........
***
#.....####.......(........
*,*
###.......................


You could see an ogre (very poisoned) and 2 gnolls.

Vanquished Creatures
  8 gnolls
  An adder (D:4)
  An ufetubus (D:4)
  2 worms
  4 dart slugs
  6 orcs
  5 bats
  4 endoplasms
  4 giant cockroaches
  4 goblins
  6 hobgoblins
  4 jackals (D:4)
  3 quokkas
  11 ball pythons
  A frilled lizard (D:3)
  3 kobolds
  5 rats
72 creatures vanquished.

Vanquished Creatures (others)
  2 plants (D:4)
2 creatures vanquished.

Grand Total: 74 creatures vanquished

Notes
Turn   | Place    | Note
-------+----------+-------------------------------------------
     0 | D:1      | p00ps00p the Hill Orc Fighter began the quest for the Orb.
     0 | D:1      | Reached XP level 1. HP: 19/19 MP: 1/1
    76 | D:1      | Reached XP level 2. HP: 27/27 MP: 2/2
   359 | D:1      | Reached XP level 3. HP: 26/33 MP: 3/3
  1268 | D:3      | Reached XP level 4. HP: 39/40 MP: 4/4
  2199 | D:4      | Reached XP level 5. HP: 36/47 MP: 5/5
  2502 | D:4      | Noticed an ogre
  2508 | D:4      | HP: 2/46 [ogre/+0 giant club (26)]
  2537 | D:4      | Mangled by an ogre

Illustrated notes

Levels and vault maps discovered:
D:1:      dpeg_arrival_court, layout_rooms
D:2:      layout_basic
D:3:      layout_basic, minmay_misc_feat_nine_boxes
D:4:      lemuel_castle_with_subvaults [lemuel_castle_interior_carwin_2],
          layout_basic, fedhas_altar_1

Skill      XL: |  1  2  3  4 |
---------------+-------------+-----
Axes           | 3 4 |  4.4
Fighting       | 4 |  4.9
Shields        | 4 |  4.3
Armour         | 4 |  4.3

Action                   |  1- 3 |  4- 6 || total
-------------------------+-------+-------++-------
Melee: War axe           |   107 |    52 ||   159
Throw: Dart              |       |     4 ||     4
  Use: Scroll            |    11 |     3 ||    14
Armor: Scale mail        |    37 |    24 ||    61
Dodge: Dodged            |    53 |    30 ||    83
Block: Buckler           |    28 |    38 ||    66
       Reflection        |     1 |       ||     1

Table legend: (Time is in decaauts)
 A = Elapsed time spent in this place.
 B = Non-inter-level travel time spent in this place.
 C = Inter-level travel time spent in this place.
 D = Time resting spent in this place.
 E = Time spent auto-exploring this place.
 F = Levels seen in this place.
 G = Mean time per level.
                   A        B        C        D        E       F      G
               +--------+--------+--------+--------+--------+-----+--------+
         Total |   2593 |   2483 |    110 |    425 |   1524 |   4 |  648.2 |
       Dungeon |   2593 |   2483 |    110 |    425 |   1524 |   4 |  648.2 |
               +--------+--------+--------+--------+--------+-----+--------+

Top non-repeatable levels by time:
     D:3: 1118 daAuts
     D:1: 632 daAuts
     D:2: 449 daAuts
     D:4: 393 daAuts
